 Dungeon Crawl Stone Soup version 0.30-a0-718-geaa24f58ff (webtiles) character file.

Game seed: 9233214087084559079

78 rageheart7 the Slasher (level 4, -1/37 HPs)
             Began as a Barachi Gladiator on Jan 25, 2023.
             Was a Follower of Uskayaw.
             Slain by a gnoll
             ... wielding a +0 halberd
              (7 damage)
             ... on level 3 of the Dungeon.
             The game lasted 00:04:57 (1536 turns).

rageheart7 the Slasher (Barachi Gladiator)          Turns: 1536, Time: 00:04:58

Health: -1/37      AC:  4    Str: 15    XL:     4   Next: 36%
Magic:  1/4        EV: 12    Int: 15    God:    Uskayaw [*.....]
Gold:   77         SH:  0    Dex: 15    Spells: 3/3 levels left

rFire   . . .      SeeInvis .    f - +3 dagger (venom)
rCold   . . .      Faith    .    (no shield)
rNeg    . . .      Spirit   .    b - +0 leather armour
rPois   +          Reflect  .    c - +0 helmet
rElec   +          Harm     .    g - scarf {repulsion}
rCorr   .          Rampage  .    (no gloves)
Will    .....                    (no boots)
Stlth   ++                       (no amulet)
HPRegen 0.26/turn                s - ring of Reaffi {Contam rElec Int+6 Stlth+}
MPRegen 0.09/turn                t - ring of poison resistance

@: unable to hop, repel missiles, slow
A: amphibious, slowness 1, strong legs 1, +LOS
a: Hop, Renounce Religion, Stomp


You were on level 3 of the Dungeon.
You worshipped Uskayaw.
Uskayaw was noncommittal.
You visited 1 branch of the dungeon, and saw 3 of its levels.

You collected 77 gold pieces.

Inventory:

Hand Weapons
 a - a +0 long sword
 f - a +3 dagger of venom (weapon)
Missiles
 d - 3 throwing nets (quivered)
 e - a javelin
Armour
 b - a +0 leather armour (worn)
 c - a +0 helmet (worn)
 g - a scarf of repulsion (worn)
Jewellery
 j - a ring of protection from cold
 l - a +6 ring of intelligence
 p - a ring of willpower
 s - the ring of Reaffi (left hand) {Contam rElec Int+6 Stlth+}
   (You found it on level 2 of the Dungeon)

   [ring of intelligence]

   Int:       It affects your intelligence (+6).
   rElec:     It insulates you from electricity.
   Contam:    It causes magical contamination when unequipped.
   Stlth:     It makes you more stealthy.
 t - a ring of poison resistance (right hand)
Scrolls
 h - 2 scrolls of immolation
 i - a scroll of enchant weapon
 n - a scroll of acquirement {unknown}
 q - a scroll of fog {unknown}
 r - a scroll of fear {unknown}
Potions
 k - a potion of resistance
 o - a potion of brilliance


   Skills:
 * Level 4.1 Fighting
 * Level 5.0 Long Blades
 - Level 2.0 Throwing
 - Level 3.2 Dodging


You had 3 spell levels left.
You didn't know any spells.
Your spell library contained the following spells:

 Spells                   Type           Power      Damage    Failure   Level
 Magic Dart               Conj           0%         1d3       32%         1
 Call Imp                 Summ           0%         N/A       45%         2
 Mephitic Cloud           Conj/Pois/Air  0%         N/A       69%         3


Dungeon Overview and Level Annotations

Branches:
Dungeon (3/15)

Altars:
Uskayaw


Innate Abilities, Weirdness & Mutations

You are amphibious.
You cover ground slowly.
You can hop short distances.
You have an extended range of vision and can be seen from far away.


Message History

You hit the jackal but do no damage.
The jackal looks as sick as possible!
The jackal is severely wounded.
The jackal bites you but does no damage. x2
The jackal barely misses you. The gnoll hits you with a +0 club.
The gnoll hits you from afar with a +0 halberd!
The jackal bites you.
You stomp with the beat, sending a shockwave through the revellers around you!
The gnoll is heavily wounded.
You kill the jackal! x2
The gnoll is heavily wounded.
You can no longer stomp with the beat.
The gnoll hits you with a +0 club. The gnoll barely misses you.
You can now stomp with the beat.
An endoplasm comes into view.
The gnoll hits you with a +0 flail.
* * * LOW HITPOINT WARNING * * *
Things that are here:
a jackal corpse; a jackal corpse
Okay, then.
You hit the gnoll but do no damage.
The gnoll is heavily wounded.
The gnoll closely misses you. The gnoll barely misses you. x2
Okay, then.
You hit the gnoll.
The gnoll is heavily wounded.
You feel your willpower return. The gnoll barely misses you.
The gnoll hits you with a +0 club.
* * * LOW HITPOINT WARNING * * *
The gnoll misses you.
The air fills with toxic fumes!
As you read the scroll labelled ZESAT ZEANNYX, it crumbles to dust.
It was a scroll of poison.
The gnoll barely misses you. The gnoll misses you.
The gnoll closely misses you.
You hit the gnoll.
The gnoll is poisoned.
The gnoll is severely wounded.
You hit the gnoll.
You kill the gnoll!
The gnoll misses you.
The gnoll hits you from afar with a +0 halberd!
You die...

.######....§§§§§##§.
#....§§§§§§§§. ##
#....§§§§§.## §§§
#####§§§§J§# §§§§
#§§§§§§# §§§§§
#§§§§§§# §§§§§§
#§§§§§##
§§§§§§§##gg§§§#
§§§§§§§§@)§§###
§§§§§§§###### ##§#§§
§§§ §§§§ §§§ §§ §


You could see 2 gnolls and an endoplasm.

Vanquished Creatures
  2 adders (D:2)
  A gnoll (D:3)
  A worm (D:2)
  A dart slug (D:2)
  3 endoplasms
  3 giant cockroaches
  4 goblins (D:2)
  4 hobgoblins
  8 jackals
  2 quokkas (D:1)
  5 ball pythons
  5 bats
  6 kobolds
  4 rats
49 creatures vanquished.

Notes
Turn   | Place    | Note
-------+----------+-------------------------------------------
     0 | D:1      | rageheart7 the Barachi Gladiator began the quest for the
                  | Orb.
     0 | D:1      | Reached XP level 1. HP: 17/17 MP: 1/1
    43 | D:1      | Reached skill level 4 in Long Blades
    43 | D:1      | Reached XP level 2. HP: 19/23 MP: 2/2
   591 | D:1      | Reached XP level 3. HP: 25/25 MP: 3/3
   917 | D:2      | Found a hide-covered altar of Uskayaw.
  1128 | D:2      | Found a faded altar of an unknown god.
  1217 | D:2      | Became a worshipper of Uskayaw the Reveller
  1283 | D:2      | Reached * piety under Uskayaw
  1299 | D:2      | Identified the ring of Reaffi {Contam rElec Int+6 Stlth+}
  1385 | D:2      | Reached XP level 4. HP: 35/37 MP: 4/4
  1514 | D:3      | Reached skill level 5 in Long Blades
  1536 | D:3      | Slain by a gnoll

Illustrated notes

Levels and vault maps discovered:
D:1:      dpeg_arrival_shrine, layout_basic, dk_noncrumbling_3
D:2:      minmay_chambers_of_ones, layout_rooms, basic_altar,
          shapermc_ecumenical_altar_mp_vishouse
D:3:      layout_basic, portal_sewer_entry_f

Skill      XL: |  1  2  3  4 |
---------------+-------------+-----
Long Blades    | 4 5 |  5.0
Fighting       | 3 4 |  4.1
Throwing       | |  2.0
Dodging        | |  3.2

Action                     |  1- 3 |  4- 6 || total
---------------------------+-------+-------++-------
  Melee: Long sword        |    52 |       ||    52
         Dagger            |    66 |    23 ||    89
         Punch             |     1 |       ||     1
 Invoke: Stomp             |       |     1 ||     1
Ability: Hop               |     1 |     1 ||     2
    Use: Scroll            |     4 |     3 ||     7
   Stab: Sleeping          |     2 |     1 ||     3
 Armour: Leather armour    |    30 |     6 ||    36
  Dodge: Dodged            |    83 |    30 ||   113

Table legend: (Time is in decaauts)
 A = Elapsed time spent in this place.
 B = Non-inter-level travel time spent in this place.
 C = Inter-level travel time spent in this place.
 D = Time resting spent in this place.
 E = Time spent auto-exploring this place.
 F = Levels seen in this place.
 G = Mean time per level.
                   A        B        C        D        E       F      G
               +--------+--------+--------+--------+--------+-----+--------+
         Total |   1773 |   1585 |    188 |      0 |   1219 |   3 |  591.0 |
       Dungeon |   1773 |   1585 |    188 |      0 |   1219 |   3 |  591.0 |
               +--------+--------+--------+--------+--------+-----+--------+

Top non-repeatable levels by time:
     D:1: 1018 daAuts
     D:2: 711 daAuts
     D:3: 43 daAuts
